 Dungeon Crawl Stone Soup version 0.24.1-4-ge52af88ad5 (webtiles) character file.

Game seed: 12531234641449421318, levelgen mode: deterministic

622 MajorAdolf the Chopper (level 7, 0/55 HPs)
             Began as a Naga Wanderer on Apr 12, 2020.
             Was an Initiate of Gozag.
             Slain by an orc warrior
             ... wielding a +0 glaive
              (18 damage)
             ... on level 6 of the Dungeon.
             The game lasted 00:13:44 (6448 turns).

MajorAdolf the Chopper (Naga Wanderer)              Turns: 6448, Time: 00:13:45

Health: 0/55       AC:  7    Str: 16    XL:     7   Next: 46%
Magic:  10/10      EV:  7    Int: 11    God:    Gozag
Gold:   181        SH:  4    Dex: 12    Spells: 10/10 levels left

rFire    . . .     SeeInvis +   k - +1 hand axe
rCold    . . .     Gourm    .   v - +0 buckler
rNeg     + . .     Faith    .   j - +0 scale mail
rPois    +         Spirit   .   (no helmet)
rElec    .         Reflect  .   (no cloak)
rCorr    .         Harm     .   t - +0 pair of gloves
MR       .....                  (no barding)
Stlth    ..........             (no amulet)
HPRegen  0.18/turn              (no ring)
MPRegen  0.12/turn              n - ring of positive energy

@: gold aura, very slow
A: large, see invisible, deformed body, poison resistance, slowness 2, slow
metabolism 1, spit poison 1, AC +2
a: Spit Poison, Potion Petition, Call Merchant, Bribe Branch, Renounce Religion


You were on level 6 of the Dungeon.
You worshipped Gozag.
Gozag was aware of your devotion.
You were hungry.

You visited 2 branches of the dungeon, and saw 7 of its levels.

You collected 291 gold pieces.
You paid 110 gold pieces to Gozag.

Inventory:

Hand Weapons
 a - a +0 dagger
 k - a +1 hand axe (weapon)
 s - a +0 whip
Missiles
 d - a throwing net (quivered)
Armour
 g - a +0 plate armour
 j - a +0 scale mail (worn)
 r - a +0 chain mail
 t - a +0 pair of gloves (worn)
 v - a +0 buckler (worn)
Jewellery
 n - a ring of positive energy (right hand)
 w - an uncursed amulet of the gourmand {unknown}
Wands
 l - a wand of enslavement (7)
 x - a wand of acid (4)
Scrolls
 e - 2 scrolls of teleportation
 h - 3 scrolls of identify
Potions
 b - a potion of magic {unknown}
 c - 4 potions of curing
 i - 4 potions of heal wounds
 m - a potion of flight
 o - a potion of haste {unknown}
 p - a potion of agility {unknown}
 q - a potion of degeneration {unknown}
Comestibles
 f - 8 rations


   Skills:
 + Level 5.9 Axes
 - Level 3.2 Armour
 - Level 0.2 Dodging
 - Level 1.5 Stealth
 + Level 1.8 Shields
 - Level 2.0 Spellcasting
   Level 1.0 Translocations
   Level 2.0 Transmutations
   Level 4.0 Poison Magic
 - Level 1.0 Evocations


You had 10 spell levels left.
You didn't know any spells.
Your spell library contained the following spells:

 Spells                   Type           Power        Failure   Level  Hunger
 Beastly Appendage        Tmut           #.....       45%         1    ##.....
 Sticks to Snakes         Tmut           #.......     58%         2    ###....
 Spider Form              Tmut/Pois      #.........   69%         3    ####...
 Magic Dart               Conj           #...         75%         1    ##.....
 Summon Butterflies       Summ           #.......     75%         1    ##.....
 Blink                    Tloc           N/A          75%         2    ###....
 Call Imp                 Summ           #.......     86%         2    ###....
 Slow                     Hex            #.......     86%         2    ###....
 Mephitic Cloud           Conj/Pois/Air  #.......     89%         3    ####...
 Call Canine Familiar     Summ           #.......     98%         3    ####...
 Conjure Flame            Conj/Fire      #.......     98%         3    ####...
 Ice Form                 Ice/Tmut       #.......     100%        4    #####..
 Blade Hands              Tmut           #.........   100%        5    ######.


Dungeon Overview and Level Annotations

Branches:
Dungeon (6/15)             Temple (1/1) D:6

Altars:
Ashenzari
Cheibriados
Dithmenos
Elyvilon
Gozag
Hepliaklqana
Makhleb
Okawaru
Qazlal
Ru
Sif Muna
Trog
Uskayaw
Vehumet
Wu Jian
Xom
Yredelemnul
Zin
The Shining One


Innate Abilities, Weirdness & Mutations

You cannot wear boots.
Your serpentine skin is tough. (AC +2)
You have supernaturally acute eyesight. (SInv)
Armour fits poorly on your strangely shaped body.
Your system is resistant to poisons. (rPois)
You cover ground very slowly.
You have a slow metabolism.
You can spit poison.


Message History

The orc shouts!
The orc priest hits you but does no damage.
An orc comes into view. It is wielding a +0 club.
Found 9 gold pieces.
The orc shouts!
You slash the orc priest!
You kill the orc priest!
An orc comes into view. It is wielding a +0 hand axe.
The orc warrior hits you from afar with a +0 glaive!
Found 15 bolts.
Found a stone staircase leading up.
Things that are here:
4 gold pieces; a +0 dagger You have got your breath back.
The orc warrior hits you with a +0 glaive!!
The orc becomes distracted by the nearby gold, dreaming of imaginary riches. x2
Okay, then.
Okay, then.
The orc warrior hits you from afar with a +0 glaive!!
You die...
Your body crumbles into a pile of gold.

###### #.....######## #
........@....#########.#
......o.####.......#...#
.....oo.# #......>..#
....$o.<# #.......###
........# #...#...##
......... ###...#.[##
...(..... #.....##..##
........# .#.###.###..# #
.............###>.....###


You could see an orc warrior and 3 orcs.

Vanquished Creatures
  An ogre (D:5)
  2 howler monkeys (D:5)
  2 crimson imps
  A hound (D:5)
  2 orc priests (D:6)
  2 orc wizards (D:4)
  A howler monkey skeleton (D:6)
  6 gnolls
  7 adders
  An ooze (D:3)
  2 adder skeletons
  5 worms
  2 dart slugs
  3 leopard geckos
  8 orcs
  6 giant cockroaches
  6 goblins
  9 hobgoblins
  4 jackals (D:1)
  6 kobolds
  2 ball pythons
  7 bats
  10 frilled lizards
  7 rats
102 creatures vanquished.

Notes
Turn   | Place    | Note
-------+----------+-------------------------------------------
     0 | D:1      | MajorAdolf the Naga Wanderer began the quest for the Orb.
     0 | D:1      | MajorAdolf set off with the following items: a +0 club, a
                  | potion of curing, a +0 robe, a ration; and the following
                  | spells available to memorise: Magic Dart, Summon
                  | Butterflies, Blink, Call Imp, Slow, Mephitic Cloud, Call
                  | Canine Familiar, Conjure Flame
     0 | D:1      | Reached XP level 1. HP: 15/15 MP: 3/3
   232 | D:1      | Reached skill level 1 in Armour
   238 | D:1      | Reached XP level 2. HP: 12/22 MP: 5/5
   651 | D:1      | Reached XP level 3. HP: 21/28 MP: 6/6
  1806 | D:2      | Found a hazy altar of Hepliaklqana.
  1852 | D:2      | Reached XP level 4. HP: 9/36 MP: 7/7
  2504 | D:2      | Found a shimmering altar of Xom.
  2507 | D:2      | Found a bloodstained altar of Trog.
  2522 | D:2      | Found a burning altar of Makhleb.
  2522 | D:2      | Noticed a green death
  3422 | D:3      | Reached skill level 1 in Axes
  3677 | D:3      | Reached XP level 5. HP: 32/42 MP: 8/8
  3703 | D:3      | Reached skill level 2 in Axes
  4256 | D:3      | Found a shattered altar of Ashenzari.
  4695 | D:4      | Reached skill level 3 in Axes
  4862 | D:4      | Reached XP level 6. HP: 49/49 MP: 9/9
  5025 | D:4      | Reached skill level 4 in Axes
  5215 | D:4      | Found a snail-covered altar of Cheibriados.
  5408 | D:5      | Entered Level 5 of the Dungeon
  5607 | D:5      | Reached skill level 5 in Axes
  5669 | D:5      | Reached skill level 1 in Shields
  5669 | D:5      | Reached XP level 7. HP: 55/55 MP: 10/10
  6140 | D:6      | Found a staircase to the Ecumenical Temple.
  6168 | Temple   | Entered the Ecumenical Temple
  6378 | Temple   | Became a worshipper of Gozag Ym Sagoz the Greedy
  6448 | D:6      | Slain by an orc warrior

Levels and vault maps discovered:
D:1:      minmay_arrival_nine_rooms, layout_loops_cross
D:2:      layout_basic, makhleb_altar_promises_db, lemuel_crystal_altar,
          grunt_temple_overflow_open, st_stairs_7
D:3:      layout_loops_corners, serial_bayou_pond_c, ashenzari_altar_1
D:4:      layout_gridville, cheibriados_altar_1, serial_glass, glass_columns_a,
          glass_columns_c
D:5:      layout_basic, first_ration
D:6:      layout_rooms, marbit_many_paths, minmay_temple_entry_proselytizer,
          grunt_gozag_statues
Temple:   eino_temple_water

Skill      XL: |  1  2  3  4  5  6 |
---------------+-------------------+-----
Armour         | 1 2 3 |  3.2
Axes           | 1 3 5 |  5.9
Shields        | 1 |  1.8
Dodging        | |  0.2
Stealth        | |  1.5
Spellcasting   | |  2.0
Translocations | |  1.0
Transmutations | |  2.0
Poison Magic   | |  4.0
Evocations     | |  1.0

Action                   |  1- 3 |  4- 6 |  7- 9 || total
-------------------------+-------+-------+-------++-------
Melee: Unarmed           |     7 |       |       ||     7
       Dagger            |   180 |   180 |       ||   360
       Hand axe          |       |   197 |    63 ||   260
 Abil: Spit Poison       |    24 |    41 |     4 ||    69
Evoke: Wand              |       |     1 |       ||     1
  Use: Scroll            |     6 |     5 |     1 ||    12
       Potion            |     2 |       |       ||     2
  Eat: Chunk             |     3 |    13 |     2 ||    18
Armor: Plate armour      |   154 |    82 |       ||   236
       Skin              |    42 |       |       ||    42
       Scale mail        |       |   142 |    35 ||   177
Dodge: Dodged            |    18 |   132 |    16 ||   166
Block: Buckler           |       |       |     6 ||     6
